 Dungeon Crawl Stone Soup version 0.17-b1-22-g5359643 (console) character file.

1111 Kloppie the Covered (level 8, 0/58 HPs)
             Began as a Demonspawn Fighter on Nov 5, 2015.
             Succumbed to a big kobold's poison
             ... on level 4 of the Dungeon.
             The game lasted 00:23:18 (3128 turns).

Kloppie the Covered (Demonspawn Fighter)            Turns: 3128, Time: 00:23:18

Health: 0/58       AC: 13    Str: 17      XL:     8   Next: 11%
Magic:  8/8        EV:  4    Int:  9 (10) God:
Gold:   64         SH:  8    Dex: 12      Spells: 0 memorised, 7 levels left

rFire  . . .     SeeInvis .     a - +0 long sword
rCold  . . .     Clarity  .     y - +0 chain mail
rNeg   . . .     SustAt   .     c - +0 shield
rPois  .         Gourm    .     (no helmet)
rElec  .         Spirit   .     (no cloak)
rCorr  .         Warding  .     (gloves unavailable)
rMut   .         Stasis   .     (no boots)
MR     .....                    (no amulet)
Stlth  ..........               (no ring)
                                (no ring)

@: lethally poisoned (0 -> -3), not resistant to hostile enchantments, extremely
unstealthy
A: claws 3, yellow scales 2, demonic guardian 1, high mp 1, weak 1, wild magic 1
a: no special abilities


You were on level 4 of the Dungeon.
You were not hungry.

You visited 1 branch of the dungeon, and saw 4 of its levels.

You collected 124 gold pieces.
You spent 60 gold pieces at shops.

Inventory:

Hand Weapons
 a - a +0 long sword (weapon)
Armour
 c - a +0 shield (worn)
 y - a +0 chain mail (worn)
Jewellery
 w - an uncursed amulet of regeneration {unknown}
Wands
 o - a wand of confusion (17)
 v - a wand of invisibility (2)
Scrolls
 h - 3 scrolls of teleportation {unknown}
 j - 5 scrolls of identify
 l - a scroll of enchant weapon {unknown}
 m - 2 scrolls of magic mapping {unknown}
 n - a scroll of immolation {unknown}
 q - a scroll of fog {unknown}
 r - 3 scrolls of remove curse
 t - a scroll of recharging {unknown}
 u - 2 scrolls of amnesia {unknown}
 x - a scroll of enchant armour {unknown}
 A - a scroll of blinking {unknown}
Potions
 d - 2 potions of might
 g - a potion of flight
Comestibles
 b - 3 fruits
 e - 4 bread rations
 p - 3 meat rations
 z - 2 chunks of flesh


   Skills:
 - Level 3.4 Fighting
 + Level 6.3 Long Blades
 + Level 6.6 Armour
 - Level 2.8 Shields


You had 7 spell levels left.
You didn't know any spells.

Dungeon Overview and Level Annotations

Branches:
Dungeon (4/15)
 Temple: D:4-7

Altars:

Shops:
D:4 ?


Innate Abilities, Weirdness & Mutations

You have claws for hands.
You are mostly covered in yellow scales (AC +3).
A weak demonic guardian rushes to your aid.
You have an increased reservoir of magic (+10% MP).
You are weak. (Str -2)
Your spells are a little harder to cast, but a little more powerful.


Message History

Drink which item? (? for menu, Esc to quit)
Okay, then.
* * * LOW HITPOINT WARNING * * *
You feel sick.
* * * LOW HITPOINT WARNING * * *
You feel sick.
* * * LOW HITPOINT WARNING * * *
You feel sick.
There is a lethal amount of poison in your body!
* * * LOW HITPOINT WARNING * * *
You feel sick.
* * * LOW HITPOINT WARNING * * *
You feel sick.
* * * LOW HITPOINT WARNING * * *
You feel sick.
* * * LOW HITPOINT WARNING * * *
You feel sick.
* * * LOW HITPOINT WARNING * * *
You feel sick.
You die...

#.# #.# ####.#### #.# #.......# #####
#.##.##)# ....# #.##.##÷##########
..#.#####................#
................########.#
.....####.#...#.# #.# .###.#
#.##.##.## #.# .###.# #........# #(#
...#.#######.###.## #@# ##.#...##
##'###..# ####)##
.....#..###...###.###...))##########.
....................(.(.(()..........
........................)))..........
≈≈≈≈≈.≈≈≈≈≈..≈≈......≈≈.≈≈≈....≈≈≈≈≈.
≈≈≈≈≈≈≈≈≈≈≈≈≈≈≈≈≈≈≈≈≈≈≈≈≈≈≈....≈≈≈≈≈≈
≈≈≈≈≈≈≈≈≈≈≈≈≈≈≈≈≈≈≈≈≈≈≈≈≈≈≈.....≈≈≈≈≈
####≈≈≈≈≈≈≈≈≈≈≈≈≈≈≈≈≈≈≈≈≈≈≈....≈≈≈≈≈≈
...#########################''#######
...#.....)).......# #....#


There were no monsters in sight!

Vanquished Creatures
  Pikel (D:3)
  Duvessa (D:4)
  A phantom (D:4)
  3 big kobolds (D:4)
  Dowan (D:4)
  A worker ant (D:4)
  3 gnolls (D:4)
  3 adders
  2 oozes
  2 worms
  4 giant geckos
  4 orcs
  15 hobgoblins
  10 jackals
  A quokka (D:3)
  A ball python (D:2)
  6 bats
  4 giant cockroaches
  4 giant newts
  19 goblins
  7 kobolds
  8 rats
101 creatures vanquished.

Vanquished Creatures (collateral kills)
  Edmund (D:4)
  A hobgoblin (D:4)
  A kobold (D:4)
  A quokka (D:4)
4 creatures vanquished.

Vanquished Creatures (others)
  A crimson imp (D:4)
  An adder (D:3)
  A kobold (D:4)
3 creatures vanquished.

Grand Total: 108 creatures vanquished

Notes
Turn   | Place    | Note
--------------------------------------------------------------
     0 | D:1      | Kloppie the Demonspawn Fighter began the quest for the Orb.
     0 | D:1      | Reached XP level 1. HP: 18/18 MP: 1/1
    89 | D:1      | Gained mutation: You are partially covered in yellow scales (AC +2). [demonic ancestry]
    89 | D:1      | Reached XP level 2. HP: 12/24 MP: 2/2
   285 | D:1      | Reached XP level 3. HP: 29/29 MP: 3/3
   298 | D:1      | You fall through a shaft!
  1093 | D:2      | Gained mutation: You have sharp fingernails. [demonic ancestry]
  1093 | D:2      | Reached XP level 4. HP: 33/35 MP: 4/4
  1802 | D:4      | Noticed Pikel
  1802 | D:4      | Noticed a slave
  1802 | D:4      | Noticed a slave
  1804 | D:4      | Noticed a slave
  1833 | D:3      | Killed Pikel
  1833 | D:3      | Reached skill level 5 in Long Blades
  1833 | D:3      | Reached skill level 5 in Armour
  1833 | D:3      | Gained mutation: You are mostly covered in yellow scales (AC +3). [demonic ancestry]
  1833 | D:3      | Reached XP level 5. HP: 7/41 MP: 5/5
  1833 | D:3      | Gained mutation: You have very sharp fingernails. [demonic ancestry]
  1833 | D:3      | Reached XP level 6. HP: 8/47 MP: 6/6
  1833 | D:3      | Gained mutation: A weak demonic guardian rushes to your aid. [demonic ancestry]
  1833 | D:3      | Reached XP level 7. HP: 8/52 MP: 7/7
  2090 | D:4      | Noticed a freed slave
  2227 | D:4      | Found Hocweob's Magic Scroll Shop.
  2227 | D:4      | Noticed Edmund
  2262 | D:4      | Killed Edmund
  2293 | D:4      | Bought a scroll of remove curse for 36 gold pieces
  2293 | D:4      | Bought a scroll of identify for 24 gold pieces
  2462 | D:4      | Noticed Dowan
  2463 | D:4      | Noticed Duvessa
  2483 | D:4      | Killed Dowan
  2513 | D:4      | Killed Duvessa
  2513 | D:4      | Reached skill level 6 in Armour
  3015 | D:4      | Noticed a big kobold
  3015 | D:4      | Noticed a big kobold
  3015 | D:4      | Noticed a big kobold
  3035 | D:4      | Killed a big kobold
  3045 | D:4      | Killed a big kobold
  3045 | D:4      | Gained mutation: You have claws for hands. [demonic ancestry]
  3045 | D:4      | Reached XP level 8. HP: 45/58 MP: 8/8
  3076 | D:4      | Gained mutation: Armour fits poorly on your strangely shaped body. [potion of mutation]
  3076 | D:4      | Gained mutation: Your body sometimes deteriorates upon taking damage. [potion of mutation]
  3076 | D:4      | Gained mutation: Your body often deteriorates upon taking damage. [potion of mutation]
  3079 | D:4      | Lost mutation: Your body often deteriorates upon taking damage. [potion of cure mutation]
  3079 | D:4      | Lost mutation: Your body sometimes deteriorates upon taking damage. [potion of cure mutation]
  3079 | D:4      | Lost mutation: Armour fits poorly on your strangely shaped body. [potion of cure mutation]
  3114 | D:4      | Killed a big kobold
  3117 | D:4      | Gained mutation: You are weak. (Str -2) [potion of mutation]
  3117 | D:4      | Gained mutation: You have an increased reservoir of magic (+10% MP). [potion of mutation]
  3117 | D:4      | Gained mutation: Your spells are a little harder to cast, but a little more powerful. [potion of mutation]
  3124 | D:4      | HP: 2/58 [poisoned by a big kobold]
  3128 | D:4      | Succumbed to a big kobold's poison

Action                   |  1- 3 |  4- 6 |  7- 9 || total
-------------------------+-------+-------+-------++-------
Melee: Long sword        |   151 |   105 |   197 ||   453
  Use: Potion            |       |       |     6 ||     6
  Eat: Chunk             |       |     3 |     5 ||     8
